 Dungeon Crawl Stone Soup version 0.27-a0-1181-g5f64966fcc (webtiles) character file.

Game seed: 9995446719115996875

52 dduke234 the Skirmisher (level 3, -1/35 HPs)
             Began as a Demigod Wanderer on May 17, 2021.
             Slain by an adder (2 damage)
             ... on level 3 of the Dungeon.
             The game lasted 00:03:19 (2361 turns).

dduke234 the Skirmisher (Demigod Wanderer)          Turns: 2361, Time: 00:03:19

Health: -1/35      AC:  2    Str: 16    XL:     3   Next: 39%
Magic:  5/5        EV: 11    Int: 13    God:
Gold:   124        SH:  0    Dex: 15    Spells: 2/2 levels left

rFire    . . .     SeeInvis .   a - +2 spear
rCold    . . .     Faith    .   (no shield)
rNeg     . . .     Spirit   .   d - +0 robe
rPois    .         Reflect  .   (no helmet)
rElec    .         Harm     .   (no cloak)
rCorr    .         Rampage  .   (no gloves)
Will     .....                  (no boots)
Stlth    ++........             (no amulet)
HPRegen  0.11/turn              (no ring)
MPRegen  0.09/turn              (no ring)

@: lethally poisoned (-1 -> -11), attractive
A: high mp 1, forlorn
a: no special abilities


You were on level 3 of the Dungeon.
You visited 1 branch of the dungeon, and saw 4 of its levels.

You collected 124 gold pieces.

Inventory:

Hand Weapons
 a - a +2 spear (weapon)
 b - a +0 falchion
 e - a +0 dagger
Armour
 d - a +0 robe (worn)
Scrolls
 c - a scroll of teleportation
 g - a scroll of blinking
 h - a scroll of amnesia
 i - a scroll of vulnerability
 l - a scroll of fear {unknown}
Potions
 f - 2 potions of flight
 k - a potion of ambrosia {unknown}


   Skills:
 * Level 4.9 Fighting
 * Level 1.2 Polearms
 - Level 1.0 Throwing
 * Level 0.6 Dodging
 * Level 3.2 Stealth
 + Level 1.0 Shields


You had 2 spell levels left.
You didn't know any spells.
Your spell library contained the following spells:

 Spells                   Type           Power      Damage    Failure   Level
 Magic Dart               Conj           0%         1d3       30%         1
 Blink                    Tloc           N/A        N/A       43%         2
 Call Imp                 Summ           0%         N/A       43%         2
 Slow                     Hex            0%         N/A       43%         2
 Conjure Flame            Conj/Fire      0%         6-21      67%         3
 Mephitic Cloud           Conj/Pois/Air  0%         N/A       67%         3


Dungeon Overview and Level Annotations

Branches:
Dungeon (4/15)
 Temple: D:4-7


Innate Abilities, Weirdness & Mutations

Your attributes grow dramatically as you level up.
You have an increased reservoir of magic. (+10% MP)
You shall have no god before yourself.


Message History

You feel sick. The adder closely misses you. The adder bites you.
You are more poisoned.
The adder poisons you!
You hit the adder.
The adder is heavily wounded.
You feel sick. The adder closely misses you.
You barely miss the adder.
The adder is heavily wounded.
You feel sick. The adder bites you.
You are more poisoned.
The adder poisons you!
You hit the adder.
The adder is heavily wounded.
You feel sick. The adder completely misses you. The adder closely misses you.
You barely miss the adder.
The adder is heavily wounded.
You feel sick. The adder closely misses you.
You are too injured to fight recklessly!
You miss the adder.
The adder is heavily wounded.
You feel sick. The adder bites you. The adder barely misses you.
You closely miss the adder.
The adder is heavily wounded.
You feel sick. The adder bites you.
* * * LOW HITPOINT WARNING * * *
You are lethally poisoned!
The adder poisons you!
You hit the adder.
The adder is almost dead.
* * * LOW HITPOINT WARNING * * *
You feel sick. The adder bites you.
* * * LOW HITPOINT WARNING * * *
You are more poisoned.
The adder poisons you!
It was a potion of attraction.
You feel attractive to monsters.
* * * LOW HITPOINT WARNING * * *
You feel very sick. The adder bites you.
You die...

#.# #.# #.#######
#.......# #.......#
#.###........
#....S.......
#@....... ##
#.###+### .. #.# #..
.... . #.# #.# #..# #
#.# #.# #..# # #.#
#.# #..# #
#######.###.######..#
#
................##..#
#
###########.###.##..#
#


You could see an adder.

Vanquished Creatures
  5 dart slugs
  6 ball pythons
  2 endoplasms
  A giant cockroach (D:2)
  3 goblins (D:2)
  2 hobgoblins (D:1)
  2 jackals (D:2)
  5 kobolds
  5 quokkas
  3 bats
  2 frilled lizards
  2 rats
38 creatures vanquished.

Notes
Turn   | Place    | Note
-------+----------+-------------------------------------------
     0 | D:1      | dduke234 the Demigod Wanderer began the quest for the Orb.
     0 | D:1      | dduke234 set off with the following items: a +2 spear, a +0
                  | falchion, a scroll of teleportation, a +0 robe, a +0 dagger
     0 | D:1      | Reached XP level 1. HP: 22/22 MP: 3/3
   341 | D:1      | Reached XP level 2. HP: 26/28 MP: 4/4
  1677 | D:2      | Reached skill level 1 in Polearms
  1677 | D:2      | Reached XP level 3. HP: 29/35 MP: 5/5
  2161 | D:2      | You fall into a shaft and drop 2 floors!
  2361 | D:3      | HP: 1/35 [poisoned by an adder]
  2361 | D:3      | Slain by an adder

Illustrated notes

Levels and vault maps discovered:
D:1:      dpeg_arrival_solitude, layout_basic, hangedman_decor_growths,
          nrook_mini_backslash
D:2:      layout_loops_ring, kennysheep_generic_room_7, uniq_crazy_yiuf_cottage
D:3:      layout_basic, lemuel_coloured_pillars_altar
D:4:      layout_cave_pods, marbit_many_paths, minitemple,
          minmay_temple_entry_antechambers

Skill      XL: |  1  2 |
---------------+-------+-----
Stealth        | 3 |  3.2
Polearms       | 1 |  1.2
Fighting       | |  4.9
Throwing       | |  1.0
Dodging        | |  0.6
Shields        | |  1.0

Action                   || total
-------------------------++-------
Melee: Spear             ||   132
  Use: Scroll            ||     4
       Potion            ||     2
 Stab: Sleeping          ||    13
Armor: Robe              ||    12
Dodge: Dodged            ||    51

Table legend: (Time is in decaauts)
 A = Elapsed time spent in this place.
 B = Non-inter-level travel time spent in this place.
 C = Inter-level travel time spent in this place.
 D = Time resting spent in this place.
 E = Time spent auto-exploring this place.
 F = Levels seen in this place.
 G = Mean time per level.
                   A        B        C        D        E       F      G
               +--------+--------+--------+--------+--------+-----+--------+
         Total |   2369 |   2344 |     25 |      0 |   2055 |   4 |  592.2 |
       Dungeon |   2369 |   2344 |     25 |      0 |   2055 |   4 |  592.2 |
               +--------+--------+--------+--------+--------+-----+--------+

Top non-repeatable levels by time:
     D:1: 1596 daAuts
     D:2: 571 daAuts
     D:3: 157 daAuts
     D:4: 42 daAuts
